 Dungeon Crawl Stone Soup version 0.24.0-13-gcf9b319 (webtiles) character file.

Game seed: 2717521138123377190, levelgen mode: deterministic

198 Ceann the Magician (level 5, 0/55 HPs)
             Began as a Gnoll Wanderer on Jan 26, 2020.
             Slain by a killer bee (4 damage)
             ... on level 2 of the Dungeon.
             The game lasted 00:05:33 (1501 turns).

Ceann the Magician (Gnoll Wanderer)                 Turns: 1501, Time: 00:05:34

Health: 0/55       AC: 22    Str: 12 (13) XL:     5   Next: 77%
Magic:  12/12      EV:  2    Int: 13 (15) God:
Gold:   48         SH:  0    Dex: 14 (16) Spells: 14/14 levels left

rFire    . . .     SeeInvis .   a - +2 hand crossbow
rCold    . . .     Gourm    .   (no shield)
rNeg     + + +     Faith    .   (armour currently unavailable)
rPois    +         Spirit   .   (helmet currently unavailable)
rElec    .         Reflect  .   (cloak currently unavailable)
rCorr    .         Harm     .   (gloves currently unavailable)
MR       .....     NoTele   +   (boots currently unavailable)
Stlth    ++........             (no amulet)
HPRegen  0.18/turn              (no ring)
MPRegen  0.13/turn              (no ring)

@: lethally poisoned (0 -> -6), tree-form
A: distributed training, strong nose
a: no special abilities


You were on level 2 of the Dungeon.
You were not hungry.
You were a tree.
You visited 1 branch of the dungeon, and saw 2 of its levels.

You collected 48 gold pieces.

Inventory:

Hand Weapons
 a - a +2 hand crossbow (weapon)
 n - a +4 hunting sling
Missiles
 b - 14 bolts (quivered)
 c - 25 arrows
 o - 8 stones
Armour
 e - a +0 robe (melded)
Scrolls
 h - a scroll of magic mapping {unknown}
 j - 2 scrolls of remove curse {unknown}
 k - a scroll of immolation {unknown}
 m - a scroll of identify {unknown}
Potions
 g - a potion of agility
 i - a potion of degeneration
Comestibles
 f - 2 rations
 l - a chunk of flesh


   Skills:
 + Level 1.6 Fighting
 + Level 1.6 Short Blades
 + Level 1.6 Long Blades
 + Level 1.6 Axes
 + Level 1.6 Maces & Flails
 + Level 1.6 Polearms
 + Level 1.6 Staves
 + Level 1.6 Slings
 + Level 1.6 Bows
 + Level 3.0 Crossbows
 + Level 1.6 Throwing
 + Level 4.8 Armour
 + Level 1.6 Dodging
 + Level 1.6 Stealth
 + Level 4.8 Shields
 + Level 1.6 Unarmed Combat
 + Level 5.2 Spellcasting
 + Level 1.2 Conjurations
 + Level 1.2 Hexes
 + Level 1.2 Charms
 + Level 1.2 Summonings
 + Level 4.0 Necromancy
 + Level 1.2 Translocations
 + Level 2.4 Transmutations
 + Level 1.2 Fire Magic
 + Level 1.2 Ice Magic
 + Level 1.2 Air Magic
 + Level 1.2 Earth Magic
 + Level 1.2 Poison Magic
 + Level 1.8 Invocations
 + Level 1.6 Evocations


You had 14 spell levels left.
You didn't know any spells.
Your spell library contained the following spells:

 Spells                   Type           Power        Failure   Level  Hunger
 Searing Ray              Conj           #.....       16%         2    ##.....
 Throw Flame              Conj/Fire      #.....       16%         2    ##.....


Dungeon Overview and Level Annotations

Branches:
Dungeon (2/15)

Altars:
Nemelex Xobeh
Qazlal


Innate Abilities, Weirdness & Mutations

Your experience applies equally to all skills.
((You have very sharp teeth.))
Your uncanny sense of smell can sniff out nearby items.


Message History

The killer bee stings you.
You are more poisoned.
The killer bee poisons you! The killer bee barely misses you.
Really quaff the potion of lignification?
You turn into a tree.
Your +0 robe melds into your body.
Your roots penetrate the ground.
You feel sick. The killer bee stings you.
* * * LOW HITPOINT WARNING * * *
The killer bee stings you but does no damage.
a - a +2 hand crossbow (weapon)
You feel sick. The killer bee stings you.
* * * LOW HITPOINT WARNING * * *
Firing (i - inventory. (/) - cycle)
b - 15 bolts (quivered)
Press: ? - help, Shift-Dir - straight line, f/p - killer bee
Aim: a killer bee (heavily wounded)
You shoot a bolt. The bolt barely misses the killer bee.
* * * LOW HITPOINT WARNING * * *
You feel sick.
The killer bee stings you but does no damage. x2
The killer bee stings you.
You die...

#.....####.# ∆ .....
#.....# #.# . .....
##########'####.#
.... #............#
##(######
#........<####
#....(..# #.........#
#.......###.........#
#......y.......######
#......)♣......#
##'#...........#
#.#...........#
#.#...........#
#.###....<....#
##########.#
###########
........##.#
........##.#
........##.#


You could see a killer bee.

Vanquished Creatures
  3 killer bees (D:2)
  3 adders (D:2)
  2 worms (D:2)
  3 dart slugs
  3 giant cockroaches
  A goblin (D:1)
  7 hobgoblins
  5 kobolds
  3 bats
  4 frilled lizards
  5 rats
39 creatures vanquished.

Notes
Turn   | Place    | Note
-------+----------+-------------------------------------------
     0 | D:1      | Ceann the Gnoll Wanderer began the quest for the Orb.
     0 | D:1      | Ceann set off with the following items: a +2 hand crossbow,
                  | 23 bolts, a +0 robe, a ration; and the following spells
                  | available to memorise: Searing Ray, Throw Flame
     0 | D:1      | Reached XP level 1. HP: 13/13 MP: 6/6
   133 | D:1      | Reached XP level 2. HP: 19/19 MP: 7/7
   712 | D:2      | Reached XP level 3. HP: 25/25 MP: 9/9
   728 | D:2      | Reached skill level 5 in Spellcasting
   934 | D:2      | Reached skill level 1 in Invocations
   954 | D:2      | Found a sparkling altar of Nemelex Xobeh.
  1054 | D:2      | Noticed a killer bee
  1054 | D:2      | Noticed a killer bee
  1054 | D:2      | Noticed a killer bee
  1054 | D:2      | Noticed a killer bee
  1064 | D:2      | Noticed a killer bee
  1068 | D:2      | Killed a killer bee
  1068 | D:2      | Reached skill level 1 in Fighting
  1068 | D:2      | Reached skill level 1 in Short Blades
  1068 | D:2      | Reached skill level 1 in Long Blades
  1068 | D:2      | Reached skill level 1 in Axes
  1068 | D:2      | Reached skill level 1 in Maces & Flails
  1068 | D:2      | Reached skill level 1 in Polearms
  1068 | D:2      | Reached skill level 1 in Staves
  1068 | D:2      | Reached skill level 1 in Slings
  1068 | D:2      | Reached skill level 1 in Bows
  1068 | D:2      | Reached skill level 1 in Throwing
  1068 | D:2      | Reached skill level 1 in Dodging
  1068 | D:2      | Reached skill level 1 in Stealth
  1068 | D:2      | Reached skill level 1 in Unarmed Combat
  1068 | D:2      | Reached skill level 1 in Evocations
  1068 | D:2      | Reached XP level 4. HP: 32/32 MP: 11/11
  1073 | D:2      | Reached skill level 1 in Conjurations
  1073 | D:2      | Reached skill level 1 in Hexes
  1073 | D:2      | Reached skill level 1 in Charms
  1073 | D:2      | Reached skill level 1 in Summonings
  1073 | D:2      | Reached skill level 1 in Translocations
  1073 | D:2      | Reached skill level 1 in Fire Magic
  1073 | D:2      | Reached skill level 1 in Ice Magic
  1073 | D:2      | Reached skill level 1 in Air Magic
  1073 | D:2      | Reached skill level 1 in Earth Magic
  1073 | D:2      | Reached skill level 1 in Poison Magic
  1073 | D:2      | Reached XP level 5. HP: 34/37 MP: 12/12
  1407 | D:2      | Found a stormy altar of Qazlal.
  1501 | D:2      | Slain by a killer bee

Levels and vault maps discovered:
D:1:      dpeg_arrival_orchard, layout_basic, minmay_tromino_mix6
D:2:      minmay_chambers_of_ones, layout_basic, lemuel_crystal_altar,
          nicolae_overflow_crystal_walls, due_unseen_surprise

Skill      XL: |  1  2  3  4  5 |
---------------+----------------+-----
Transmutations | 2 |  2.4
Spellcasting   | 5 |  5.2
Invocations    | 1 |  1.8
Fighting       | 1 |  1.6
Short Blades   | 1 |  1.6
Long Blades    | 1 |  1.6
Axes           | 1 |  1.6
Maces & Flails | 1 |  1.6
Polearms       | 1 |  1.6
Staves         | 1 |  1.6
Slings         | 1 |  1.6
Bows           | 1 |  1.6
Throwing       | 1 |  1.6
Dodging        | 1 |  1.6
Stealth        | 1 |  1.6
Unarmed Combat | 1 |  1.6
Evocations     | 1 |  1.6
Conjurations   | 1 |  1.2
Hexes          | 1 |  1.2
Charms         | 1 |  1.2
Summonings     | 1 |  1.2
Translocations | 1 |  1.2
Fire Magic     | 1 |  1.2
Ice Magic      | 1 |  1.2
Air Magic      | 1 |  1.2
Earth Magic    | 1 |  1.2
Poison Magic   | 1 |  1.2
Crossbows      | 3 |  3.0
Necromancy     | 4 |  4.0
Armour         | |  4.8
Shields        | |  4.8

Action                   |  1- 3 |  4- 6 || total
-------------------------+-------+-------++-------
 Fire: Hand crossbow     |    70 |    27 ||    97
       Hunting sling     |       |     6 ||     6
  Use: Potion            |     1 |     3 ||     4
  Eat: Chunk             |       |     2 ||     2
Armor: Robe              |     4 |     1 ||     5
       Skin              |    16 |    33 ||    49
Dodge: Dodged            |    18 |     4 ||    22
